 Dungeon Crawl Stone Soup version 0.26.1-2-gb8aa6d0cf2 (webtiles) character file.

Game seed: 17564619569255429602

63 Gadfly the Shield-Bearer (level 4, -1/35 HPs)
             Began as a Formicid Fighter on Feb 22, 2021.
             Slain by a sky beast (5 damage)
             ... on level 2 of the Dungeon.
             The game lasted 00:02:56 (1759 turns).

Gadfly the Shield-Bearer (Formicid Fighter)         Turns: 1759, Time: 00:02:56

Health: -1/35      AC:  6    Str: 21    XL:     4   Next: 31%
Magic:  5/5        EV:  8    Int:  8    God:
Gold:   139        SH:  9    Dex: 10    Spells: 3/3 levels left

rFire    . . .     SeeInvis +   a - +1 flail
rCold    . . .     Faith    .   c - +0 kite shield
rNeg     . . .     Spirit   .   b - +0 scale mail
rPois    .         Reflect  .   (helmet unavailable)
rElec    .         Harm     .   (no cloak)
rCorr    .         Rampage  .   (no gloves)
Will     +....                  (no boots)
Stlth    ..........             (no amulet)
HPRegen  0.11/turn              g - ring of willpower
MPRegen  0.09/turn              (no ring)

@: no status effects
A: permanent stasis, dig shafts and tunnels, four strong arms, antennae 3
a: Dig, Shaft Self


You were on level 2 of the Dungeon.
You visited 1 branch of the dungeon, and saw 3 of its levels.

You collected 139 gold pieces.

Inventory:

Hand Weapons
 a - a +1 flail (weapon)
Armour
 b - a +0 scale mail (worn)
 c - a +0 kite shield (worn)
Jewellery
 g - a ring of willpower (left hand)
Scrolls
 e - a scroll of amnesia {unknown}
Potions
 d - 2 potions of might
 f - a potion of haste {unknown}
 h - 2 potions of lignification


   Skills:
 + Level 3.5 Fighting
 * Level 2.5 Maces & Flails
 * Level 1.1 Crossbows
 + Level 3.4 Armour
 + Level 4.0 Shields
 * Level 1.4 Invocations
 * Level 1.4 Evocations


You had 3 spell levels left.
You didn't know any spells.
Your spell library was empty.

Dungeon Overview and Level Annotations

Branches:
Dungeon (3/15)

Altars:
Cheibriados


Innate Abilities, Weirdness & Mutations

You cannot be hasted, slowed, berserked, paralysed or teleported.
You can dig through walls and to a lower floor.
Your four strong arms can wield two-handed weapons with a shield.
You have a pair of large antennae on your head. (SInv)


Message History

The sky beast hits you. The sky beast shocks you.
* * * LOW HITPOINT WARNING * * *
You closely miss the sky beast.
The sky beast is lightly wounded.
The sky beast hits you but does no damage.
You hit the sky beast.
The sky beast is moderately wounded.
You block the sky beast's attack.
You barely miss the sky beast.
The sky beast is moderately wounded.
The sky beast barely misses you. You block the sky beast's attack.
You barely miss the sky beast.
The sky beast is moderately wounded.
The sky beast barely misses you.
You hit the sky beast.
The sky beast is heavily wounded.
The sky beast hits you.
* * * LOW HITPOINT WARNING * * *
The sky beast shocks you.
You die...

# #.###....##....##....#...# # #
###.....###########....#...### ##
#....#### #####.....#......
.###....#########...<..#.###.....
.....................#...........
.###....######...###.......#.....
.#############........#..........
.....###.(......Y..........#.##.#
#.##..##.#####..@#......#.#..##.#
#.##................#####.......#
#...................##...........
#....>...........#####.#.........
.......##........#####.#....P♣...
.###..(..........##....#.....P...
.# ##.#.............####.........
## ##.....#.........## #.........
##......#..#.#.##..###.........


You could see a sky beast (invisible).

Vanquished Creatures
  2 adders
  An ooze (D:2)
  A worm (D:3)
  A dart slug (D:2)
  A leopard gecko (D:1)
  An orc (D:3)
  4 hobgoblins
  4 jackals (D:1)
  2 kobolds
  A quokka (D:2)
  5 bats
  3 frilled lizards
  5 goblins
  3 rats
34 creatures vanquished.

Notes
Turn   | Place    | Note
-------+----------+-------------------------------------------
     0 | D:1      | Gadfly the Formicid Fighter began the quest for the Orb.
     0 | D:1      | Reached XP level 1. HP: 18/18 MP: 1/1
   273 | D:1      | Reached XP level 2. HP: 20/24 MP: 2/2
   394 | D:1      | Reached skill level 1 in Invocations
   809 | D:2      | Reached skill level 1 in Evocations
   837 | D:2      | Reached XP level 3. HP: 29/29 MP: 3/3
   893 | D:2      | Found a snail-covered altar of Cheibriados.
  1571 | D:3      | Reached skill level 1 in Crossbows
  1571 | D:3      | Reached skill level 4 in Shields
  1571 | D:3      | Reached XP level 4. HP: 35/35 MP: 3/5
  1642 | D:3      | Noticed a sky beast
  1759 | D:2      | Slain by a sky beast

Illustrated notes

Levels and vault maps discovered:
D:1:      mrwooster_arrival_statue, layout_basic, minmay_misc_feat_rows,
          minmay_pentomino_u4
D:2:      layout_rooms, kennysheep_slug_shrine, serial_park_tiny_1
D:3:      layout_basic, nicolae_overflow_hidden_temple, elyvilon_altar_5

Skill      XL: |  1  2  3 |
---------------+----------+-----
Invocations    | 1 |  1.4
Evocations     | 1 |  1.4
Crossbows      | 1 |  1.1
Shields        | 4 |  4.0
Fighting       | |  3.5
Maces & Flails | |  2.5
Armour         | |  3.4

Action                   |  1- 3 |  4- 6 || total
-------------------------+-------+-------++-------
Melee: Flail             |   100 |    17 ||   117
  Use: Scroll            |     4 |       ||     4
Armor: Scale mail        |    48 |     6 ||    54
Dodge: Dodged            |    34 |     5 ||    39
Block: Kite shield       |    69 |    13 ||    82
